 Dungeon Crawl Stone Soup version 0.29-a0-414-g5075937ec3 (webtiles) character file.

Game seed: 16626877024206559115

60 purpskrrrp the Sneak (level 3, 0/36 HPs)
             Began as a Troll Delver on May 15, 2022.
             Slain by a gnoll
             ... wielding a +0 whip
             ... led by a gnoll sergeant
              (6 damage)
             ... on level 5 of the Dungeon.
             The game lasted 00:01:17 (54 turns).

purpskrrrp the Sneak (Troll Delver)                   Turns: 54, Time: 00:01:18

Health: 0/36       AC:  4    Str: 22    XL:     3   Next: 80%
Magic:  2/2        EV: 10    Int:  6    God:
Gold:   3          SH:  0    Dex: 11    Spells: 2/2 levels left

rFire   . . .      SeeInvis .   a - +0 falchion
rCold   . . .      Faith    .   (no shield)
rNeg    . . .      Spirit   .   b - +0 robe
rPois   .          Reflect  .   (helmet restricted)
rElec   .          Harm     .   (no cloak)
rCorr   .          Rampage  .   (gloves unavailable)
Will    .....                   (boots unavailable)
Stlth   ++........              (no amulet)
HPRegen 0.92/turn               (no ring)
MPRegen 0.08/turn               (no ring)

@: no status effects
A: large, unfitting armour, claws 3, regeneration 1, shaggy fur 1, tough skin 1
a: no special abilities


You were on level 5 of the Dungeon.
You visited 1 branch of the dungeon, and saw 1 of its levels.

You collected 3 gold pieces.

Inventory:

Hand Weapons
 a - a +0 falchion (weapon)
Missiles
 h - 2 javelins (quivered)
Armour
 b - a +0 robe (worn)
Wands
 g - a wand of digging (3)
Scrolls
 c - a scroll of fog
 d - a scroll of magic mapping
 e - a scroll of fear
Potions
 f - a potion of haste


   Skills:
 + Level 2.7 Fighting
 + Level 1.7 Long Blades
 + Level 0.1 Throwing
 + Level 1.7 Dodging
 + Level 3.4 Stealth


You had 2 spell levels left.
You didn't know any spells.
Your spell library was empty.

Dungeon Overview and Level Annotations

Branches:
Dungeon (5/15)
 Temple: D:4-7

Altars:

Annotations:
D:5 1 transporter


Innate Abilities, Weirdness & Mutations

You are too large for most types of armour.
You have claws for hands.
Your natural rate of healing is unusually fast.
You are covered in fur. (AC +1)
You have tough skin. (AC +1)


Message History

You kill the orc!
Items here: ( ) [ †.
h - 3 javelins Throw: 3 javelins
Press: ? - help, Q - select action Shift-Dir - straight line, f - gnoll
Aim: a gnoll, wielding a +0 halberd (60% to hit)
You throw a javelin.
The javelin pierces through the gnoll but does no damage.
The javelin pierces through the gnoll!
The gnoll is almost dead.
You hit the gnoll.
The gnoll is moderately wounded.
The gnoll hits you from afar with a +0 halberd.
The gnoll hits you with a +0 whip!
You barely miss the gnoll.
The gnoll is moderately wounded.
The gnoll closely misses you. x3
You barely miss the gnoll.
The gnoll is moderately wounded.
The gnoll hits you with a +0 whip! The gnoll closely misses you.
You closely miss the gnoll.
The gnoll is moderately wounded.
The gnoll closely misses you. The gnoll hits you but does no damage.
The gnoll completely misses you.
You hit the gnoll.
The gnoll is almost dead.
The gnoll closely misses you. The gnoll barely misses you.
You hit the gnoll but do no damage.
The gnoll is almost dead.
The gnoll closely misses you. The gnoll hits you with a +0 whip.
You closely miss the gnoll.
The gnoll is almost dead.
The gnoll hits you from afar with a +0 halberd.
The gnoll closely misses you.
The gnoll hits you from afar with a +0 halberd!
* * * LOW HITPOINT WARNING * * *
You hit the gnoll but do no damage.
The gnoll is almost dead.
The gnoll hits you with a +0 whip.
You die...

#..#.≈≈..#
#.##.≈≈(.#
#.#..≈≈..#
.###≈≈..#
....#≈≈..#
##.##≈≈..#
#..#≈≈g.#
.####≈≈..#
≈≈≈≈≈≈≈@g#
≈≈≈≈≈≈≈..#
.........#
.........#
##########


You could see 2 gnolls.

Vanquished Creatures
  A gnoll sergeant (D:5)
  An orc (D:5)
2 creatures vanquished.

Vanquished Creatures (others)
  3 plants (D:5)
3 creatures vanquished.

Grand Total: 5 creatures vanquished

Notes
Turn   | Place    | Note
-------+----------+-------------------------------------------
     0 | D:5      | purpskrrrp the Troll Delver began the quest for the Orb.
     0 | D:5      | Reached XP level 1. HP: 22/22 MP: 0/0
     8 | D:5      | Noticed a gnoll sergeant
     9 | D:5      | Noticed a gnoll sergeant
    14 | D:5      | Found a transporter.
    40 | D:5      | Killed a gnoll sergeant
    41 | D:5      | Reached skill level 3 in Stealth
    41 | D:5      | Reached XP level 2. HP: 29/29 MP: 1/1
    41 | D:5      | Reached XP level 3. HP: 36/36 MP: 2/2
    54 | D:5      | Slain by a gnoll

Illustrated notes

Levels and vault maps discovered:
D:5:      layout_rooms, amcnicky_altar_gilded, minmay_temple_entry_slanted,
          gammafunk_ghost_gnarly_gnolls

Skill      XL: |  1 |
---------------+----+-----
Stealth        | 3 |  3.4
Fighting       | |  2.7
Long Blades    | |  1.7
Throwing       | |  0.1
Dodging        | |  1.7

Action                   || total
-------------------------++-------
Melee: Falchion          ||    12
Throw: Dart              ||     3
       Javelin           ||     1
Armor: Robe              ||     1
Dodge: Dodged            ||    13

Table legend: (Time is in decaauts)
 A = Elapsed time spent in this place.
 B = Non-inter-level travel time spent in this place.
 C = Inter-level travel time spent in this place.
 D = Time resting spent in this place.
 E = Time spent auto-exploring this place.
 F = Levels seen in this place.
 G = Mean time per level.
                   A        B        C        D        E       F      G
               +--------+--------+--------+--------+--------+-----+--------+
         Total |     56 |     48 |      8 |      0 |      1 |   1 |   56.0 |
       Dungeon |     56 |     48 |      8 |      0 |      1 |   1 |   56.0 |
               +--------+--------+--------+--------+--------+-----+--------+

Top non-repeatable levels by time:
     D:5: 56 daAuts
